 Dungeon Crawl Stone Soup version 0.24-a0-779-g36f0aeb843 (webtiles) character file.

Game seed: 2666917900537377689, levelgen mode: deterministic

142 Kohma the Chopper (level 5, -6/43 HPs)
             Began as a Gnoll Wanderer on Oct 8, 2019.
             Was an Initiate of Makhleb.
             Killed by divine providence
             ... invoked by an orc priest
              (14 damage)
             ... on level 3 of the Dungeon.
             The game lasted 00:05:36 (1903 turns).

Kohma the Chopper (Gnoll Wanderer)                  Turns: 1903, Time: 00:05:37

Health: -6/43      AC:  9    Str: 13    XL:     5   Next: 24%
Magic:  7/7        EV:  9    Int: 16    God:    Makhleb [......]
Gold:   165        SH:  0    Dex: 15    Spells: 6/6 levels left

rFire    . . .     SeeInvis .   u - +0 war axe
rCold    . . .     Gourm    .   (no shield)
rNeg     . . .     Faith    .   c - +2 scale mail
rPois    .         Spirit   .   m - +0 helmet (curse)
rElec    .         Reflect  .   (no cloak)
rCorr    .         Harm     .   (no gloves)
MR       .....                  (no boots)
Stlth    ++........             (no amulet)
HPRegen  0.14/turn              (no ring)
MPRegen  0.10/turn              (no ring)

@: no status effects
A: distributed training, fangs 1, strong nose
a: Renounce Religion


You were on level 3 of the Dungeon.
You worshipped Makhleb.
Makhleb was noncommittal.
You were hungry.

You visited 1 branch of the dungeon, and saw 3 of its levels.

You collected 165 gold pieces.

Inventory:

Hand Weapons
 u - a +0 war axe (weapon)
Missiles
 r - 43 arrows
 t - 2 silver javelins (quivered)
Armour
 c - a +2 scale mail (worn)
 m - a cursed +0 helmet (worn)
Magical Staves
 d - an uncursed staff of fire
Wands
 p - a wand of random effects (8)
Scrolls
 b - a scroll of teleportation
 e - a scroll of amnesia {unknown}
 g - a scroll of fear {unknown}
 h - a scroll of immolation {unknown}
 j - a scroll of identify {unknown}
 o - a scroll of blinking {unknown}
Potions
 a - a potion of berserk rage {unknown}
 i - a potion of heal wounds {unknown}
 k - a potion of curing {unknown}
 l - a potion of brilliance {unknown}
 n - a potion of mutation {unknown}
 q - 2 potions of haste {unknown}
Comestibles
 f - 2 rations
 s - 6 chunks of flesh


   Skills:
 + Level 4.7 Fighting
 + Level 1.4 Short Blades
 + Level 1.4 Long Blades
 + Level 6.6 Axes
 + Level 1.4 Maces & Flails
 + Level 2.9 Polearms
 + Level 1.4 Staves
 + Level 1.4 Slings
 + Level 1.4 Bows
 + Level 1.4 Crossbows
 + Level 1.4 Throwing
 + Level 2.9 Armour
 + Level 1.4 Dodging
 + Level 6.1 Stealth
 + Level 1.4 Shields
 + Level 1.4 Unarmed Combat
 + Level 1.4 Spellcasting
 + Level 1.1 Conjurations
 + Level 1.1 Hexes
 + Level 1.1 Charms
 + Level 1.1 Summonings
 + Level 1.1 Necromancy
 + Level 1.1 Translocations
 + Level 1.1 Transmutations
 + Level 1.1 Fire Magic
 + Level 1.1 Ice Magic
 + Level 1.1 Air Magic
 + Level 1.1 Earth Magic
 + Level 1.1 Poison Magic
 + Level 1.5 Invocations
 + Level 1.4 Evocations


You had 6 spell levels left.
You didn't know any spells.
Your spell library was empty.

Dungeon Overview and Level Annotations

Branches:
Dungeon (3/15)

Altars:
Makhleb
Sif Muna


Innate Abilities, Weirdness & Mutations

Your experience applies equally to all skills.
You have very sharp teeth.
Your uncanny sense of smell can sniff out nearby items.


Message History

The orc priest invokes the aid of Beogh against you.
Pain shoots through your body!
You barely miss the orc priest. The orc priest barely misses you.
Some of the chunks of flesh in your inventory have rotted away.
You hit the orc priest but do no damage.
You bite the orc priest, but do no damage.
The orc priest hits you but does no damage.
You barely miss the orc priest.
The orc priest hits you with a +0 flail.
You hit the orc priest.
The orc priest is moderately wounded.
The orc priest invokes the aid of Beogh against you.
Beogh smites you!
* * * LOW HITPOINT WARNING * * *
You hit the orc priest.
You bite the orc priest, but do no damage.
The orc priest is heavily wounded.
The orc priest mumbles some strange prayers to Beogh against you.
Beogh smites you!
You die...

.##..........#.# #.÷..)..#
###...>......#.# #.......#
##÷.........#.. #.......########
#...........##.##.......##....)#
#..8.....8.###.##.......##.....#
##..........#
#.##.......##.....#
...#....#####
#.#####...........# ##+#...####
#..# #.........[.# ..........#
#@# #........#### ........#.#
#o## #........#### ........# #
##ol###............ ...÷....#
#go......##########
####....##### #........#
#........# #........# ########.#
####..##.# #....# ........#
#....#.........$#


You could see an orc priest, 2 orcs, a goblin and a frilled lizard.

Vanquished Creatures
  Robin (D:2)
  5 adders
  A worm (D:2)
  2 dart slugs
  2 leopard geckos (D:2)
  2 orcs (D:3)
  2 giant cockroaches (D:3)
  14 goblins
  11 hobgoblins
  7 jackals (D:1)
  5 kobolds
  2 quokkas
  A ball python (D:1)
  5 bats
  6 frilled lizards
  5 rats
71 creatures vanquished.

Notes
Turn   | Place    | Note
-------+----------+-------------------------------------------
     0 | D:1      | Kohma the Gnoll Wanderer began the quest for the Orb.
     0 | D:1      | Kohma set off with the following items: a +0 hand axe, a
                  | scroll of teleportation, a +2 scale mail, a +0 dagger, a
                  | ration
     0 | D:1      | Reached XP level 1. HP: 20/20 MP: 1/1
    91 | D:1      | Reached XP level 2. HP: 23/26 MP: 2/2
   409 | D:1      | Reached XP level 3. HP: 31/31 MP: 3/3
   477 | D:1      | You fall into a shaft and drop 1 floor!
   809 | D:2      | Reached skill level 1 in Invocations
   816 | D:2      | Noticed Robin
   829 | D:2      | Killed Robin
   829 | D:2      | Reached skill level 1 in Short Blades
   829 | D:2      | Reached skill level 1 in Long Blades
   829 | D:2      | Reached skill level 1 in Maces & Flails
   829 | D:2      | Reached skill level 1 in Staves
   829 | D:2      | Reached skill level 1 in Slings
   829 | D:2      | Reached skill level 1 in Bows
   829 | D:2      | Reached skill level 1 in Crossbows
   829 | D:2      | Reached skill level 1 in Throwing
   829 | D:2      | Reached skill level 1 in Dodging
   829 | D:2      | Reached skill level 1 in Shields
   829 | D:2      | Reached skill level 1 in Unarmed Combat
   829 | D:2      | Reached skill level 1 in Spellcasting
   829 | D:2      | Reached skill level 1 in Evocations
   953 | D:2      | Reached XP level 4. HP: 33/38 MP: 5/5
  1314 | D:2      | Reached skill level 1 in Conjurations
  1314 | D:2      | Reached skill level 1 in Hexes
  1314 | D:2      | Reached skill level 1 in Charms
  1314 | D:2      | Reached skill level 1 in Summonings
  1314 | D:2      | Reached skill level 1 in Necromancy
  1314 | D:2      | Reached skill level 1 in Translocations
  1314 | D:2      | Reached skill level 1 in Transmutations
  1314 | D:2      | Reached skill level 1 in Fire Magic
  1314 | D:2      | Reached skill level 1 in Ice Magic
  1314 | D:2      | Reached skill level 1 in Air Magic
  1314 | D:2      | Reached skill level 1 in Earth Magic
  1314 | D:2      | Reached skill level 1 in Poison Magic
  1336 | D:2      | Found a shimmering blue altar of Sif Muna.
  1491 | D:2      | Reached XP level 5. HP: 43/43 MP: 6/6
  1566 | D:2      | Found a burning altar of Makhleb.
  1568 | D:2      | Noticed a blizzard demon
  1584 | D:2      | Noticed a smoke demon
  1584 | D:2      | Noticed a neqoxec
  1586 | D:2      | Became a worshipper of Makhleb the Destroyer
  1903 | D:3      | Killed from afar by an orc priest

Levels and vault maps discovered:
D:1:      minmay_arrival_cross, layout_basic, nrook_mini_backslash,
          minmay_misc_feat_enclosed
D:2:      minmay_spotlight, layout_basic, makhleb_altar_promises_db,
          overflow_temple_1_default, grunt_ministairs_2, uniq_robin
D:3:      layout_basic, columned_hall_lemuel, st_stairs_1

Skill      XL: |  1  2  3  4 |
---------------+-------------+-----
Stealth        | 6 |  6.1
Invocations    | 1 |  1.5
Short Blades   | 1 |  1.4
Long Blades    | 1 |  1.4
Maces & Flails | 1 |  1.4
Staves         | 1 |  1.4
Slings         | 1 |  1.4
Bows           | 1 |  1.4
Crossbows      | 1 |  1.4
Throwing       | 1 |  1.4
Dodging        | 1 |  1.4
Shields        | 1 |  1.4
Unarmed Combat | 1 |  1.4
Spellcasting   | 1 |  1.4
Evocations     | 1 |  1.4
Conjurations   | 1 |  1.1
Hexes          | 1 |  1.1
Charms         | 1 |  1.1
Summonings     | 1 |  1.1
Necromancy     | 1 |  1.1
Translocations | 1 |  1.1
Transmutations | 1 |  1.1
Fire Magic     | 1 |  1.1
Ice Magic      | 1 |  1.1
Air Magic      | 1 |  1.1
Earth Magic    | 1 |  1.1
Poison Magic   | 1 |  1.1
Fighting       | |  4.7
Axes           | |  6.6
Polearms       | |  2.9
Armour         | |  2.9

Action                   |  1- 3 |  4- 6 || total
-------------------------+-------+-------++-------
Melee: Hand axe          |   121 |   100 ||   221
       Bite              |    16 |    10 ||    26
       War axe           |       |    28 ||    28
 Stab: Sleeping          |     2 |     7 ||     9
  Eat: Chunk             |       |     3 ||     3
Armor: Scale mail        |    54 |    56 ||   110
Dodge: Dodged            |    43 |    62 ||   105

Table legend:
 A = Non-vault XP
 B = Vault XP
 C = Vault XP percentage of total XP
 D = Non-vault monster count
 E = Vault monster count
 F = Vault count percentage of total count
                 A         B        C        D         E       F
            +---------+---------+-------+---------+---------+-------
      Total |     137 |      66 |  32.5 |      50 |      21 |  29.6
            +---------+---------+-------+---------+---------+-------
        D:1 |      38 |       0 |   0.0 |      21 |       0 |   0.0
        D:2 |      65 |      64 |  49.6 |      16 |      20 |  55.6
        D:3 |      34 |       2 |   5.6 |      13 |       1 |   7.1
            +---------+---------+-------+---------+---------+-------
